 Dungeon Crawl Stone Soup version 0.21-a0-536-gdbbf329 (webtiles) character file.

497 KristoblXynda the Magician (level 6, -8/45 HPs)
             Began as a Draconian Conjurer on Dec 14, 2017.
             Was an Initiate of Ashenzari.
             Killed by divine providence
             ... invoked by an orc priest
              (15 damage)
             ... on level 4 of the Dungeon.
             The game lasted 00:08:06 (3158 turns).

KristoblXynda the Magician (Draconian Conjurer)     Turns: 3158, Time: 00:08:07

Health: -8/45      AC: 10    Str: 11    XL:     6   Next: 93%
Magic:  0/14       EV: 12    Int: 17    God:    Ashenzari [......]
Gold:   175        SH:  0    Dex: 11    Spells: 12/16 levels left

rFire    . . .     SeeInvis .   c - +1 dagger
rCold    . . .     Gourm    .   (no shield)
rNeg     . . .     Faith    .   (armour unavailable)
rPois    .         Spirit   .   (helmet restricted)
rElec    .         Reflect  .   (no cloak)
rCorr    .         Harm     .   e - +1 pair of gloves
MR       .....                  r - +1 pair of boots
Stlth    +++.......             (no amulet)
HPRegen  0.15/turn              (no ring)
MPRegen  0.14/turn              (no ring)

@: very slightly contaminated
A: unfitting armour, big wings, stinger 1, camouflage 1, evolution 1,
cold-blooded, AC +6
a: Fly, Curse Item, Renounce Religion


You were on level 4 of the Dungeon.
You worshipped Ashenzari.
Ashenzari was noncommittal.
You were not hungry.

You visited 1 branch of the dungeon, and saw 4 of its levels.

You collected 175 gold pieces.

Inventory:

Hand Weapons
 c - a +1 dagger (weapon)
Armour
 e - a +1 pair of gloves (worn)
 r - a +1 pair of boots (worn)
Wands
 k - a wand of flame (37)
 o - a wand of scattershot (3)
 p - a wand of iceblast (10)
Scrolls
 f - 2 scrolls of teleportation
 j - 2 scrolls of fog
 m - 2 scrolls of identify
Books
 a - a book of Conjurations

   Spells                             Type                      Level
   a - Magic Dart                     Conjuration                  1
   b - Searing Ray                    Conjuration                  2
   c - Dazzling Spray                 Conjuration/Hexes            3
   d - Fulminant Prism                Conjuration/Hexes            4
   e - Force Lance                    Conjuration/Translocation    4
   f - Iskenderun's Mystic Blast      Conjuration                  4
Comestibles
 b - a bread ration
 g - 2 meat rations
 h - 3 chunks of flesh
 i - 3 royal jellies
 n - 2 fruits


   Skills:
 - Level 1.7 Dodging
 - Level 1.7 Stealth
 * Level 5.8 Spellcasting
 + Level 5.7 Conjurations


You had 12 spell levels left.
You knew the following spells:

 Your Spells              Type           Power        Failure   Level  Hunger
a - Magic Dart            Conj           ###.         1%          1    None
b - Dazzling Spray        Conj/Hex       ##....       12%         3    ##.....


Dungeon Overview and Level Annotations

Branches:
Dungeon (4/15)
 Temple: D:4-7

Altars:
Ashenzari
Kikubaaqudgha
Nemelex Xobeh
Sif Muna
Yredelemnul
The Shining One

Annotations:
D:3 1 exclusion


Innate Abilities, Weirdness & Mutations

Your plain brown scales are hard. (AC +6)
You cannot fit into any form of body armour.
You are cold-blooded and may be slowed by cold attacks.
Your large and strong wings let you fly indefinitely.
Your tail ends in a poisonous barb.
Your skin changes colour to match your surroundings (Stealth+).
You evolve.


Message History

Press: ? - help, Shift-Dir - straight line, f/p - orc wizard
Aim: an orc wizard, wielding a dagger of electrocution and wearing a robe (heavily wounded)
The spray of energy hits the orc wizard.
The orc wizard is almost dead.
Casting: Dazzling Spray
Confirm with . or Enter, or press ? or * to list all spells.
Aiming: Dazzling Spray
Press: ? - help, Shift-Dir - straight line, f/p - orc wizard
Aim: an orc wizard, wielding a dagger of electrocution and wearing a robe (almost dead)
The spray of energy misses the orc wizard.
The spray of energy hits the worker ant.
The worker ant is moderately wounded.
The worker ant is dazzled.
The orc priest shouts!
The orc wizard hits you but does no damage.
You are electrocuted!
* * * LOW HITPOINT WARNING * * *
The orc priest calls down the wrath of Beogh upon you.
Beogh smites you!
You die...

... ..# ##...# #....#
#.########..## ####
#..........#⌠.##+##.⌠#
#@.(.#.........# #.
##.####.........### ...
#.o#...#.........[.
....##..#...'..._...'...
.......a#...........#...
....##..##.##.......##.#
...###o....#.........#).
#. #..>....#⌠.##+.#.⌠..)
# #.#.###..### ..####..


You could see a worker ant (blind), an orc priest and an orc wizard.

Vanquished Creatures
  A sky beast (D:3)
  2 ogres (D:4)
  A jelly (D:3)
  A worker ant zombie (D:3)
  3 gnolls (D:3)
  8 adders
  2 oozes
  A worm (D:2)
  4 dart slugs
  A leopard gecko (D:1)
  8 orcs
  A ball python (D:2)
  8 bats
  7 giant cockroaches
  5 goblins
  7 hobgoblins
  2 quokkas (D:2)
  4 frilled lizards
  8 kobolds
  7 rats
81 creatures vanquished.

Notes
Turn   | Place    | Note
-------+----------+-------------------------------------------
     0 | D:1      | KristoblXynda the Draconian Conjurer began the quest for the Orb.
     0 | D:1      | Reached XP level 1. HP: 14/14 MP: 3/3
   260 | D:1      | Reached XP level 2. HP: 14/20 MP: 0/5
  1049 | D:2      | Reached XP level 3. HP: 26/26 MP: 1/7
  1149 | D:2      | Found an ancient bone altar of Kikubaaqudgha.
  1149 | D:2      | Found a deep blue altar of Sif Muna.
  1385 | D:2      | Reached XP level 4. HP: 33/33 MP: 7/9
  1386 | D:2      | Found a glowing golden altar of the Shining One.
  1633 | D:2      | Learned a level 3 spell: Dazzling Spray
  1993 | D:3      | Found a basalt altar of Yredelemnul.
  2151 | D:3      | Reached XP level 5. HP: 24/38 MP: 7/11
  2267 | D:3      | Found a sparkling altar of Nemelex Xobeh.
  2334 | D:3      | Noticed a sky beast
  2354 | D:3      | Killed a sky beast
  2354 | D:3      | Reached skill level 5 in Conjurations
  2360 | D:3      | Gained mutation: Your skin changes colour to match your surroundings (Stealth+). [mutagenic meat]
  2366 | D:3      | Gained mutation: Your large and strong wings let you fly indefinitely. [mutagenic meat]
  2367 | D:3      | Gained mutation: Your tail ends in a poisonous barb. [mutagenic meat]
  2368 | D:3      | Gained mutation: You evolve. [mutagenic meat]
  2530 | D:3      | Reached XP level 6. HP: 27/45 MP: 11/13
  2541 | D:3      | Reached skill level 5 in Spellcasting
  3102 | D:4      | Found a shattered altar of Ashenzari.
  3120 | D:4      | Became a worshipper of Ashenzari the Shackled
  3158 | D:4      | Killed from afar by an orc priest

Vault maps used:
D:1:      dpeg_arrival_chase, serial_curves, eino_curves_02, eino_curves_02,
          eino_curves_03, serial_bayou_pond_d, minivault_14
D:2:      nicolae_overflow_hidden_temple, gammafunk_temple_overflow_wave
D:3:      lemuel_crystal_altar, lemuel_crystal_altar, serial_corexii_hall,
          corexii_hall_statues_u, corexii_hall_statues_x
D:4:      evilmike_ruin_ashenzari, fedhas_altar_4, first_bread,
          portal_sewer_entry_e, kennysheep_flooded_box

Skill      XL: |  1  2  3  4  5  6 |
---------------+-------------------+-----
Spellcasting   | 3 4 5 |  5.8
Conjurations   | 5 |  5.7
Dodging        | |  1.7
Stealth        | |  1.7

Action                   |  1- 3 |  4- 6 || total
-------------------------+-------+-------++-------
Melee: Dagger            |    94 |   104 ||   198
       Tailslap          |     8 |    14 ||    22
 Cast: Magic Dart        |    37 |    94 ||   131
       Dazzling Spray    |       |     7 ||     7
Evoke: Wand              |       |     3 ||     3
  Use: Potion            |       |     2 ||     2
       Scroll            |       |     5 ||     5
 Stab: Sleeping          |     5 |     1 ||     6
  Eat: Chunk             |     2 |    10 ||    12
Armor: Skin              |    32 |    45 ||    77
Dodge: Dodged            |    62 |    81 ||   143

Table legend:
 A = Spawn XP
 B = Non-spawn XP
 C = Spawn XP percentage of total XP
 D = Spawn monster count
 E = Non-spawn monster count
 F = Spawn count percentage of total count
 G = Total turns spent on level
                    A         B        C        D         E        F      G
               +---------+---------+-------+---------+---------+-------+---------
         Total |       0 |     710 |   0.0 |       0 |      81 |   0.0 |  3158
               +---------+---------+-------+---------+---------+-------+---------
           D:1 |       0 |      31 |   0.0 |       0 |      17 |   0.0 |   876
           D:2 |       0 |     121 |   0.0 |       0 |      33 |   0.0 |  1158
           D:3 |       0 |     293 |   0.0 |       0 |      22 |   0.0 |   952
           D:4 |       0 |     265 |   0.0 |       0 |       9 |   0.0 |   172
               +---------+---------+-------+---------+---------+-------+---------
